Map: Kairos Junction LE

Players

Woah - Winner!

  • Race: Terran Terran
  • League: Platinum
  • Spawn Location: 5:00

Scilica

  • Race: Terran Terran
  • League: Platinum
  • Spawn Location: 11:00

VOD

Have the link to the VOD?

Description

Time

  • Played on: June 10, 2019, 8:51 a.m.
  • Length: 14:45
Show
View Real Time Build Order
Export as new Build Order

Woah Terran - Winner!

Build Orders:  

Get SALT Encoding   

  12  0:01  SCV  
  13  0:13  SCV  
  14  0:17  Supply Depot  
  14  0:25  SCV  
  15  0:31  Refinery  
  15  0:39  SCV  
  16  0:45  Barracks  
  16  0:51  SCV  
  17  0:58  Refinery  
  17  1:04  SCV  
  18  1:19  SCV  
  19  1:33  Factory  
  19  1:37  Reaper  
  19  1:39  Orbital Command  
  20  1:50  Supply Depot  
  20  2:06  SCV  
  21  2:09  Reaper  
  22  2:29  Command Center  
  22  2:33  Hellion  
  22  2:36  SCV  
  25  2:58  Reaper  
  26  3:00  SCV  
  26  3:02  Factory Tech Lab  
  27  3:07  Starport  
  27  3:20  Cyclone  
  27  3:22  SCV  
  31  3:42  Orbital Command  
  31  3:45  Viking, Barracks Tech Lab  
  33  3:53  SCV  
  34  4:05  SCV  
  34  4:08  Barracks  
  34  4:09  Engineering Bay, Barracks  
  35  4:11  Barracks Reactor  
  33  4:37  SCV x2  
  33  5:18  SCV x2  
  35  5:26  Barracks Reactor, Barracks Tech Lab  
  35  5:27  Marine x2  
  37  5:30  SCV x2, Siege Tank  
  42  5:41  Terran Infantry Weapons Level 1  
  42  5:42  SCV x2  
  44  5:48  Stimpack  
  44  5:54  SCV x2  
  46  5:57  Command Center  
  46  6:08  Barracks  
  46  6:10  Combat Shield  
  46  6:12  Missile Turret  
  46  6:14  Missile Turret  
  46  6:20  SCV x2  
  38  6:41  Marine x4  
  38  6:46  Siege Tank  
  45  6:54  SCV  
  46  6:55  Supply Depot x2  
  46  6:56  Supply Depot  
  46  6:57  Barracks Reactor  
  46  6:58  Viking x2, SCV  
  46  6:59  Marine x2  
  53  7:04  Missile Turret  
  53  7:12  SCV  
  53  7:19  Refinery  
  53  7:20  Refinery, Supply Depot  
  53  7:21  Supply Depot  
  47  8:01  Viking x2  
  47  8:05  SCV x2  
  50  8:06  Marauder x2, Marine x4  
  58  8:16  Orbital Command  
  58  8:17  SCV  
  62  8:20  Siege Tank  
  62  8:23  Terran Infantry Armor Level 1  
  62  8:24  Marine x3  
  62  8:26  Armory  
  58  8:46  Marauder x2, Marine x2  
  60  8:52  Siege Tank  
  60  8:53  SCV  
  64  9:05  SCV  
  64  9:06  SCV  
  64  9:07  SCV  
  67  9:17  SCV, Viking x2  
  67  9:22  SCV  
  61  10:30  Marine x6  
  67  10:36  SCV x2  
  67  10:41  Viking x2  
  73  10:44  Terran Infantry Armor Level 2  
  73  10:46  Engineering Bay  
  73  10:48  SCV, Concussive Shells, Marine x6  
  80  10:58  Barracks  
  80  11:05  SCV x2  
  80  11:10  Refinery  
  82  11:11  Refinery  
  82  11:17  SCV  
  82  11:18  Sensor Tower  
  83  11:30  Terran Infantry Weapons Level 2  
  83  11:32  Terran Ship Weapons Level 1  
  83  11:36  Marine  
  83  11:37  Marine x5  
  83  11:39  SCV x2  
  92  11:40  SCV  
  92  11:51  SCV  
  93  11:54  Marine x3  
  93  11:55  Marauder, Marine  
  93  11:56  Marauder  
  87  12:19  Medivac x2  
  91  12:25  Marine x2  
  91  12:26  Marine x4  
  91  12:28  Siege Tank  
  100  12:35  Barracks  
  100  12:39  Factory  
  100  12:40  Barracks  
  100  12:43  Command Center, Marine x4  
  100  12:44  Marine x2  
  104  12:46  Barracks  
  104  13:00  Siege Tank  
  104  13:01  Marine  
  108  13:11  SCV, Starport  
  109  13:14  Starport  
  109  13:42  Barracks Reactor, Marine  
  109  13:43  SCV  
  109  13:45  Marine  
  109  13:46  SCV  
  109  13:48  Barracks Reactor  
  109  13:51  Marine x2  
  109  13:54  Viking x2, SCV, Siege Tank, Marine x2  
  119  14:00  Marine  
  118  14:03  Marine  
  118  14:06  SCV  
  118  14:09  Marine x2  
  122  14:12  Marine x2  
Show
View Real Time Build Order
Export as new Build Order

Scilica Terran 

Build Orders: 1/1/1, Liberator Opening 

Get SALT Encoding   

  12  0:00  SCV  
  13  0:12  SCV  
  14  0:17  Supply Depot  
  14  0:25  SCV  
  15  0:30  Refinery  
  15  0:39  SCV  
  16  0:46  Barracks  
  16  0:51  SCV  
  17  1:03  SCV  
  18  1:15  SCV  
  19  1:27  Refinery  
  19  1:36  Marine  
  19  1:38  Factory  
  20  1:40  Orbital Command  
  20  1:53  Supply Depot  
  20  1:54  Marine  
  21  2:06  SCV  
  22  2:12  Barracks Tech Lab  
  22  2:22  SCV  
  23  2:26  Factory Reactor  
  23  2:29  Starport  
  22  2:32  Marine  
  22  2:34  SCV  
  24  2:46  SCV  
  25  2:57  Stimpack, Marine  
  26  3:02  Widow Mine  
  26  3:03  Widow Mine  
  30  3:08  Supply Depot  
  30  3:13  Medivac  
  30  3:18  Barracks  
  32  3:23  SCV  
  32  3:24  Marine  
  32  3:25  Widow Mine  
  36  3:41  Liberator  
  36  3:42  Marine  
  37  3:54  SCV  
  38  4:00  Factory Tech Lab  
  41  4:03  Marine  
  42  4:12  Barracks Reactor  
  41  4:23  Liberator  
  36  4:29  Siege Tank  
  34  4:40  Marine  
  38  4:55  Marine x2  
  40  5:05  Command Center  
  36  5:14  Marine x3  
  35  5:26  SCV  
  36  5:32  Marine x2  
  36  5:34  Marine  
  39  5:43  Medivac  
  41  5:50  Marine x2  
  41  5:56  Siege Tank, Marine  
  47  6:03  Supply Depot  
  47  6:16  SCV, Medivac  
  42  6:41  Marine x3  
  42  6:42  Siege Tank  
  48  6:48  Orbital Command  
  48  6:57  Barracks  
  48  6:59  Marine  
  46  7:01  Liberator  
  46  7:12  Marine x2  
  46  7:14  Siege Tank  
  42  7:16  Marine  
  46  7:29  Marine  
  43  7:30  Marine  
  43  7:35  Marine  
  43  7:36  Orbital Command  
  46  7:38  SCV  
  47  7:47  Marine x2  
  44  7:52  Marine  
  45  8:02  Medivac, Siege Tank  
  45  8:05  Marine x2  
  49  8:07  SCV  
  49  8:10  Marine  
  53  8:13  Barracks Reactor  
  53  8:23  Marine x2  
  55  8:29  Liberator  
  50  8:45  Marine x3  
  50  8:46  Siege Tank  
  50  8:48  SCV x2  
  57  8:51  Refinery  
  51  9:03  Marine x2  
  51  9:04  Marine  
  51  9:06  SCV x2  
  54  9:10  Refinery  
  54  9:18  SCV  
  54  9:20  Marine  
  54  9:21  Barracks, Marine  
  54  9:22  Barracks  
  57  9:24  SCV  
  57  9:27  Supply Depot  
  57  9:30  SCV  
  59  9:37  Marine  
  59  9:38  Siege Tank, Marine  
  55  10:05  Engineering Bay  
  55  10:11  SCV x2  
  55  10:12  Barracks Reactor  
  55  10:26  Liberator  
  49  10:41  Marine x3  
  49  10:42  Marine x2  
  54  10:43  Siege Tank  
  54  10:44  Viking  
  54  10:46  Terran Infantry Weapons Level 1  
  54  10:47  SCV x2, Engineering Bay  
  64  10:53  Barracks Reactor  
  64  10:54  Marine x2  
  66  10:59  SCV x2, Marine x3  
  71  11:05  Marine x2  
  73  11:11  SCV  
  73  11:12  Marine x2  
  73  11:15  Combat Shield  
  73  11:17  Marine x2  
  78  11:31  Supply Depot  
  78  11:51  Marine  
  78  11:52  SCV, Marine x4  
  42  12:17  Marine x3  
  42  12:18  Marine x6  
  42  12:20  Medivac x2, Siege Tank  
  58  12:28  Terran Infantry Armor Level 1  
  58  12:30  SCV x2  
  58  12:35  Marine x4  
  58  12:36  Marine x2  
  66  12:37  Missile Turret  
  66  12:45  Marine x3  
  68  12:53  Marine  
  68  12:54  Marine x3  
  69  13:05  Viking x2  
  73  13:22  Siege Tank  
  73  13:23  Marine x3  
  73  13:24  Marine x6  
  83  13:38  Viking  
  83  13:41  Marine  
  85  13:44  Viking  
  76  14:03  Marine x2  
  76  14:04  Marine x7  
  85  14:10  Siege Tank  
  86  14:21  Marine x2  
Tags
 
Add a new tag
Caveats
  • Supply blocks, unpowered buildings, or Contaminate may cause inaccurate times.
  • Supply counts are checked every 10 seconds.